 Dungeon Sprint DCSS version 0.19.1 (webtiles) character file.

363 Kikal the Grappler (level 6, -5/51 HPs)
             Began as a Draconian Transmuter on Dec 2, 2016.
             Was an Initiate of Cheibriados.
             Slain by a slime creature (12 damage)
             ... in the Dungeon (Sprint I: "Red Sonja").
             The game lasted 00:06:09 (782 turns).

Kikal the Grappler (Draconian Transmuter)            Turns: 782, Time: 00:06:10

Health: -5/51      AC:  2    Str: 13    XL:     6   Next: 39%
Magic:  10/13      EV: 19    Int: 17    God:    Cheibriados [......]
Gold:   171        SH:  0    Dex: 17    Spells: 4 memorised, 4 levels left

rFire  . . .     SeeInvis .       - Unarmed
rCold  . . .     Gourm    .     (armour unavailable)
rNeg   . . .     Faith    .     (shield currently unavailable)
rPois  x         Spirit   .     (helmet currently unavailable)
rElec  .         Reflect  .     (cloak currently unavailable)
rCorr  .         Harm     .     (gloves currently unavailable)
MR     .....     NoTele   +     (boots currently unavailable)
Stlth  ++........               (no amulet)
                                (no ring)
                                (no ring)

@: spider-form, very slightly contaminated, slow
A: unfitting armour, (cold-blooded), AC +6
a: End Transformation, Bend Time, Renounce Religion


You were in the Dungeon.
You worshipped Cheibriados.
Cheibriados was noncommittal.
You were not hungry.
You were a venomous arachnid creature.
You visited 1 branch You collected 171 gold pieces.

Inventory:

Missiles
 a - 10 arrows
Wands
 e - a wand of paralysis (11/24)
Potions
 f - a potion of haste
 g - 2 potions of magic
 h - a potion of berserk rage
 k - a potion of resistance {unknown}
Books
 b - a book of Changes

   Spells                             Type                      Level
   a - Beastly Appendage              Transmutation                1
   b - Sticks to Snakes               Transmutation                2
   c - Spider Form                    Transmutation/Poison         3
   d - Ice Form                       Ice/Transmutation            4
   e - Blade Hands                    Transmutation                5
Comestibles
 c - a bread ration
 j - 3 chunks of flesh


   Skills:
 + Level 3.6 Fighting
 + Level 1.7 Dodging
 - Level 9.6 Unarmed Combat
 - Level 4.8 Spellcasting
 + Level 5.7 Transmutations
 - Level 5.2 Ice Magic
 - Level 3.1 Poison Magic


You had 4 spell levels left.
You knew the following spells:

 Your Spells              Type           Power        Failure   Level  Hunger
a - Beastly Appendage     Tmut           ###...       6%          1    None
b - Sticks to Snakes      Tmut           ###.....     10%         2    #......
c - Spider Form           Tmut/Pois      ###.......   24%         3    ###....
d - Ice Form              Ice/Tmut       ###.....     36%         4    ####...


Dungeon Overview and Level Annotations

Branches:
Dungeon (1/1)

Altars:
Cheibriados
Dithmenos
Elyvilon
Fedhas
Gozag
Hepliaklqana
Kikubaaqudgha
Makhleb
Nemelex Xobeh
Okawaru
Qazlal
Ru
Sif Muna
Trog
Uskayaw
Vehumet
Xom
Yredelemnul
Zin
The Shining One
Jiyva
Lugonu

Shops:
D *


Innate Abilities, Weirdness & Mutations

((Your plain brown scales are hard. (AC +6)))
You cannot fit into any form of body armour.
((You are cold-blooded and may be slowed by cold attacks.))


Message History

You regained 7 hp, and now have 8/51 hp.
You hit the slime creature.
The slime creature is lightly wounded.
The slime creature hits you.
* * * LOW HITPOINT WARNING * * *
You take 1 damage, and have 7/51 hp.
You hit the slime creature.
You punch the slime creature, but do no damage.
The slime creature is lightly wounded.
The slime creature hits you but does no damage.
Casting: Spider Form
Confirm with . or Enter, or press ? or * to list all spells.
You turn into a venomous arachnid creature.
The slime creature hits you.
* * * LOW HITPOINT WARNING * * *
You take 1 damage, and have 6/51 hp.
You now have 10/13 mp.
You bite the slime creature!
The slime creature is poisoned.
The slime creature is moderately wounded.
The slime creature hits you!
You die...

###################
#<.#..)..#..'..#__#
#..').#..'§.#..'..+
#..#####'#####J#__#
#..####..# #s####§§#
#..#__####
##.#§§§§c#
#..#_____##+#..+§§§§
#⌠⌠#_.∩...'..._#≈§§§
####_..__##_.#'##+##
#_____###+#.#
####### ###


You could see a slime creature.

Vanquished Creatures
  Sigmund (D)
  A yak (D)
  A jelly (D)
  Ijyb (D)
4 creatures vanquished.

Vanquished Creatures (collateral kills)
  An ogre (D)
1 creature vanquished.

Grand Total: 5 creatures vanquished

Notes
Turn   | Place    | Note
-------+----------+-------------------------------------------
     0 | D        | Kikal the Draconian Transmuter began the quest for the Orb.
     0 | D        | Reached XP level 1. HP: 16/16 MP: 3/3
     3 | D        | Noticed Ijyb
    35 | D        | Killed Ijyb
    35 | D        | Reached skill level 4 in Unarmed Combat
    35 | D        | Reached XP level 2. HP: 4/26 MP: 3/5
   312 | D        | Learned a level 2 spell: Sticks to Snakes
   315 | D        | Noticed an ogre
   325 | D        | Killed an ogre
   325 | D        | Reached skill level 6 in Unarmed Combat
   325 | D        | Reached skill level 5 in Transmutations
   325 | D        | Reached XP level 3. HP: 31/31 MP: 2/6
   325 | D        | Reached XP level 4. HP: 39/39 MP: 2/7
   348 | D        | Learned a level 3 spell: Spider Form
   351 | D        | Noticed Sigmund
   388 | D        | Killed Sigmund
   388 | D        | Reached skill level 7 in Unarmed Combat
   388 | D        | Reached XP level 5. HP: 36/45 MP: 1/12
   478 | D        | Learned a level 4 spell: Ice Form
   505 | D        | Found a deep blue altar of Sif Muna.
   507 | D        | Found a radiant altar of Vehumet.
   514 | D        | Reached skill level 8 in Unarmed Combat
   569 | D        | Found Vumpa's General Store.
   569 | D        | Found an ancient bone altar of Kikubaaqudgha.
   569 | D        | Found a hazy altar of Hepliaklqana.
   569 | D        | Found a stormy altar of Qazlal.
   569 | D        | Found a hide-covered altar of Uskayaw.
   569 | D        | Found a blossoming altar of Fedhas.
   569 | D        | Found a bloodstained altar of Trog.
   569 | D        | Found an iron altar of Okawaru.
   569 | D        | Found a basalt altar of Yredelemnul.
   569 | D        | Found a glowing golden altar of the Shining One.
   569 | D        | Found a snail-covered altar of Cheibriados.
   569 | D        | Found a sacrificial altar of Ru.
   569 | D        | Found a glowing silver altar of Zin.
   569 | D        | Found a shadowy altar of Dithmenos.
   569 | D        | Found a white marble altar of Elyvilon.
   569 | D        | Noticed a yak
   577 | D        | Killed a yak
   577 | D        | Reached skill level 9 in Unarmed Combat
   577 | D        | Reached skill level 5 in Ice Magic
   577 | D        | Reached XP level 6. HP: 25/51 MP: 7/13
   729 | D        | Found an opulent altar of Gozag.
   730 | D        | Found a sparkling altar of Nemelex Xobeh.
   736 | D        | Became a worshipper of Cheibriados the Contemplative
   754 | D        | Noticed a centaur warrior
   762 | D        | Found a burning altar of Makhleb.
   762 | D        | Found a viscous altar of Jiyva.
   762 | D        | Found a shimmering altar of Xom.
   762 | D        | Found a corrupted altar of Lugonu.
   762 | D        | Noticed a slime creature
   777 | D        | HP: 1/51 [slime creature (5)]
   782 | D        | Slain by a slime creature

Skill      XL: |  1  2  3  4  5 |
---------------+----------------+-----
Fighting       | 3 |  3.6
Unarmed Combat | 4 6 7 9 |  9.6
Transmutations | 3 5 |  5.7
Spellcasting   | 4 |  4.8
Poison Magic   | 3 |  3.1
Ice Magic      | 5 |  5.2
Dodging        | |  1.7

Action                   |  1- 3 |  4- 6 || total
-------------------------+-------+-------++-------
Melee: Unarmed           |    35 |    22 ||    57
       Headbutt          |     5 |       ||     5
       Tailslap          |     4 |       ||     4
       Kick              |     4 |     3 ||     7
       Punch             |       |     1 ||     1
 Cast: Beastly Appendage |     3 |     6 ||     9
       Sticks to Snakes  |     1 |     1 ||     2
       Spider Form       |       |     2 ||     2
Evoke: Wand              |       |     1 ||     1
  Use: Potion            |       |     2 ||     2
       Scroll            |       |     1 ||     1
Armor: Skin              |     6 |     5 ||    11
Dodge: Dodged            |    18 |    10 ||    28
